 Seeded DCSS version 0.29-a0-520-gc852659d43 (webtiles) character file.

Game seed: 9552341793505258686 (custom seed)

19453 zeratav the Geomancer (level 12, -4/115 HPs)
             Began as an Octopode Earth Elementalist on May 31, 2022.
             Was a Follower of Ashenzari.
             Slain by an entropy weaver simulacrum (6 damage)
             ... in an ice cave.
             The game lasted 00:23:50 (15576 turns).

zeratav the Geomancer (OpEE)                       Turns: 15576, Time: 00:23:51

Health: -4/115     AC: 26    Str: 14    XL:     12   Next: 69%
Magic:  31/32      EV: 16    Int: 21    God:    Ashenzari [*.....]
Gold:   684        SH:  5    Dex: 13    Spells: 6/26 levels left

rFire   x . .      SeeInvis .     - Unarmed
rCold   + . .      Faith    .   (no shield)
rNeg    + . .      Spirit   .   (helmet restricted)
rPois   ∞          Reflect  +   t - amulet of reflection
rElec   +          Harm     .   q - ring "Stoicism of the Sky" {Wiz, Self, Cun} (curse)
rCorr   .          Rampage  .   r - ring of Ashenzari's Black Moon {Will+, Comp, Melee} (curse)
Will    ++...                   z - ring of the Fated Vision {Str+6, Melee, Elem} (curse)
Stlth   +++.......              H - ring of willpower
HPRegen 0.29/turn               E - ring of magical power
MPRegen 0.23/turn               B - ring of ice
                                (no ring)
                                (no ring)

@: statue-form, very slow
A: slow and powerful, torment resistance 1, boosted hp, almost no armour,
amphibious, 8 rings, camouflage 1, (gelatinous body 1), (nimble swimmer 1),
tentacles
a: End Transformation, Renounce Religion, Shatter the Chains


You were in an ice cave.
You worshipped Ashenzari.
Ashenzari was aware of your devotion.
You were a living statue of rough stone.
You visited 3 branches of the dungeon, and saw 14 of its levels.
You also visited: Ossuary and Ice Cave.

You collected 915 gold pieces.
You spent 231 gold pieces at shops.


Innate Abilities, Weirdness & Mutations

You are a living statue of rough stone.
Your actions are slow, but your melee attacks are powerful.
You are resistant to unholy torment.
Your maximum health is greatly increased.
You are immune to poison.
You cannot wear most types of armour.
You are amphibious.
You can wear up to eight rings at the same time.
Your skin changes colour to match your surroundings (Stealth+).
((Your rubbery body absorbs attacks. (AC +1, EV +1)))
((You are camouflaged when in or above water. (Stealth+)))
You have tentacles for arms and can constrict up to eight enemies at once.


   Skills:
 - Level 10.0(10.8) Fighting
 - Level 9.1(10.0) Dodging
 - Level 2.6(3.4) Stealth
 + Level 3.4(4.6) Unarmed Combat
 - Level 7.0(7.8) Spellcasting
 + Level 1.7(2.4) Necromancy
 - Level 10.0 Transmutations
 - Level 10.0(10.8) Earth Magic


You had 6 spell levels left.
You knew the following spells:

 Your Spells              Type           Power      Damage    Failure   Level
a - Irradiate             Conj/Tmut      14%        3d18      12%         5
b - Stone Arrow           Conj/Erth      60%        3d10      1%          3
c - Lee's Rapid Deconstr  Erth           26%        3d15*     1%          5
d - Statue Form           Tmut/Erth      34%        N/A       7%          6
e - Sandblast             Erth           100%       2d20      1%          1

Your spell library contained the following spells:

 Spells                   Type           Power      Damage    Failure   Level
 Passwall                 Tmut/Erth      42%        N/A       1%          2
 Sublimation of Blood     Necr           18%        N/A       1%          2
 Spider Form              Tmut/Pois      29%        N/A       1%          3
 Petrify                  Tmut/Erth      51%        N/A       1%          4
 Blade Hands              Tmut           25%        N/A       1%          5
 Magic Dart               Conj           32%        1d4       3%          1
 Leda's Liquefaction      Hex/Erth       15%        N/A       3%          4
 Ensorcelled Hibernation  Hex/Ice        24%        N/A       4%          2
 Searing Ray              Conj           16%        2d5       4%          2
 Anguish                  Hex/Necr       6%         N/A       21%         4
 Fulminant Prism          Conj/Hex       4%         3d6       32%         4
 Iron Shot                Conj/Erth      15%        9d4       45%         6
 Iskenderun's Battlesphe  Conj           8%         2d6       63%         5
 Spellforged Servitor     Conj/Summ      4%         N/A       100%        7
 Animate Armour           Summ/Erth      Unusable   N/A       N/A         4

Inventory:

Missiles
 a - 401 stones {throwing}
Armour
 w - a +2 tower shield
   (You bought it in a shop on level 5 of the Dungeon)
Jewellery
 q - the cursed ring "Stoicism of the Sky" (left tentacle) {Wiz, Self, Cun}
   (You found it on level 3 of the Dungeon)

   [ring of wizardry]

   It improves your spell success rate.
   It has a curse which improves the following skills: Introspection: Fighting
   and Spellcasting.
   Cunning:   Dodging and Stealth.
 r - the cursed ring of Ashenzari's Black Moon (right tentacle) {Will+, Comp, Melee}
   (You found it on level 4 of the Dungeon)

   [ring of willpower]

   Will:      It increases your willpower.
   It has a curse which improves the following skills: Companions: Summonings
   and Necromancy.
   Melee Combat: Short Blades, Long Blades, Axes, Maces & Flails, Polearms,
   Staves and Unarmed Combat.
 t - an amulet of reflection (around mantle)
   (You found it on level 4 of the Dungeon)
 z - the cursed ring of the Fated Vision (on tentacle) {Str+6, Melee, Elem}
   (You took it off an orc on level 5 of the Dungeon)

   [ring of strength]

   Str:       It affects your strength (+6).
   It has a curse which improves the following skills: Melee Combat: Short
   Blades, Long Blades, Axes, Maces & Flails, Polearms, Staves and Unarmed
   Combat.
   Elements:  Fire Magic, Ice Magic, Air Magic and Earth Magic.
 B - a ring of ice (on tentacle)
   (You took it off an orc on level 5 of the Dungeon)
 E - a ring of magical power (on tentacle)
   (You found it on level 12 of the Dungeon)
 G - an amulet of regeneration {@e2}
   (You found it on level 6 of the Dungeon)
 H - a ring of willpower (on tentacle)
   (You found it on level 7 of the Dungeon)
Wands
 n - a wand of iceblast (17)
   (You found it on level 3 of the Dungeon)
 p - a wand of mindburst (12)
   (You found it on level 9 of the Dungeon)
Scrolls
 c - 2 scrolls of amnesia
 e - 7 scrolls of teleportation {@r4}
 h - 2 scrolls of immolation {!r!r}
 i - 3 scrolls of vulnerability {!r!r}
 k - 6 scrolls of fear
 l - 4 scrolls of fog
 s - 2 scrolls of enchant weapon
 v - 3 scrolls of poison {!r}
 y - 3 scrolls of enchant armour
 A - 2 scrolls of blinking {!r}
 C - a scroll of brand weapon
Potions
 b - 2 potions of magic
 d - 3 potions of heal wounds {@q2}
 f - a potion of berserk rage {!q}
 g - 5 potions of flight
 j - 12 potions of curing {@q1}
 o - 4 potions of brilliance
 u - 3 potions of might
 x - a potion of resistance
 D - 4 potions of attraction {!q}
 F - 4 potions of lignification {!q}
 I - 4 potions of cancellation
 J - a potion of haste {@q3}
 L - a potion of ambrosia
 N - a potion of experience
Miscellaneous
 m - a piece from Xom's chessboard (15/15)
   (You found it on level 12 of the Dungeon)
 M - a tin of tremorstones (2/2) {throwing}
   (You found it on level 12 of the Dungeon)
 O - a condenser vane
   (You found it on level 12 of the Dungeon)

Dungeon Overview and Level Annotations

Branches:
Dungeon (12/15)            Temple (1/1) D:6            Lair (1/6) D:10
    Orc (0/2) D:12        Ossuary (visited)           IceCv (1/1)

Altars:
Ashenzari
Cheibriados
Elyvilon
Fedhas
Gozag
Hepliaklqana
Kikubaaqudgha
Makhleb
Nemelex Xobeh
Okawaru
Qazlal
Sif Muna
Trog
Uskayaw
Vehumet
Wu Jian
Xom
Yredelemnul
Zin
The Shining One

Shops:
D:5 *   D:9 :

Annotations:
D:6 1 runed translucent door, siradein's ghost, novice HuBr
D:8 Gastronok
D:12 exclusions: ice statue and obsidian statue IceCv exclusion: ice statue

##### ###.....
###......
##......#
#8.Z..####.
#.8Y.......
#Y.Y..####
##.......###
##........#######
####...........##
##............
#####.#####..
########.## ###
###.........# #


You could see an ice statue, 3 ice beasts and an entropy weaver simulacrum.


Message History

The bolt of cold misses you.
The wall melts the ice beast!
The ice beast closely misses you.
HP[-9]
You take 9 damage, and now have 102/115 hp.
The wall melts the ice beast!
The ice beast hits you but does no damage.
The wall melts the ice beast!
You block the ice beast's attack.
MP[+1]
The ice beast attacks as you move away! The ice beast barely misses you.
An entropy weaver simulacrum comes into view.
The ice statue gestures.
The wall melts the ice beast!
HP[+1]
You bludgeon the ice beast! You squeeze the ice beast!
The ice beast hits you but does no damage.
The ice beast barely misses you.
The walls melt the entropy weaver simulacrum!
The ice statue gestures.
You bludgeon the ice beast!
You kill the ice beast!
The ice beast disappears in a puff of smoke!
You block the ice beast's attack.
The ice statue glitters chillingly in the dim dungeon light.
The ice statue gestures at you.
The shard of ice reflects off an invisible shield around you!
The shard of ice hits the ice statue!
The ice statue partially resists.
The wall melts the entropy weaver simulacrum!
The ice beast closely misses you.
HP[+1] MP[+1]
The ice statue gestures at you. The freezing blast misses you.
The ice beast closely misses you.
You completely miss the ice statue. The ice beast closely misses you.
The ice statue gestures.
The ice beast hits you. The ice beast freezes you. You resist.
The ice beast closely misses you.
HP[-5]
You take 5 damage, and now have 99/115 hp.
You bludgeon the ice statue! The ice beast misses you.
The ice beast completely misses you. The ice beast misses you.
The entropy weaver simulacrum hits you but does no damage. x2
You block the entropy weaver simulacrum's attack.
The entropy weaver simulacrum hits you.
The entropy weaver simulacrum freezes you!
You resist.
HP[-15] MP[+1]
You take 15 damage, and now have 84/115 hp.
You tentacle-slap the ice statue but do no damage.
You squeeze the ice statue. The ice beast barely misses you. x2
The ice beast closely misses you.
You block the entropy weaver simulacrum's attack.
The entropy weaver simulacrum hits you.
The entropy weaver simulacrum freezes you!
You resist. The entropy weaver simulacrum hits you.
The entropy weaver simulacrum freezes you!
You resist.
* * * LOW HITPOINT WARNING * * *
The entropy weaver simulacrum hits you.
* * * LOW HITPOINT WARNING * * *
The entropy weaver simulacrum freezes you.
You resist.
* * * LOW HITPOINT WARNING * * *
The ice beast hits you but does no damage. x2
HP[-44]
You take 44 damage, and now have 40/115 hp.
MASSIVE DAMAGE!! (PAUSE)
You tentacle-slap the ice statue but do no damage.
The ice beast hits you but does no damage.
The entropy weaver simulacrum hits you but does no damage.
You block the entropy weaver simulacrum's attack.
The entropy weaver simulacrum hits you!
* * * LOW HITPOINT WARNING * * *
The entropy weaver simulacrum freezes you!
You resist.
* * * LOW HITPOINT WARNING * * *
You block the entropy weaver simulacrum's attack.
The ice beast hits you but does no damage. x2
You block the ice beast's attack.
HP[-17]
You take 17 damage, and now have 23/115 hp.
You tentacle-slap the ice statue. You squeeze the ice statue!
The entropy weaver simulacrum hits you but does no damage.
The entropy weaver simulacrum barely misses you.
The entropy weaver simulacrum hits you.
* * * LOW HITPOINT WARNING * * *
The entropy weaver simulacrum freezes you!
You resist.
* * * LOW HITPOINT WARNING * * *
The entropy weaver simulacrum barely misses you.
The ice statue gestures at you. The bolt of cold hits you. You resist.
* * * LOW HITPOINT WARNING * * *
The bolt of cold hits the ice beast.
The ice beast completely resists.
You block the ice beast's attack.
The ice beast hits you but does no damage.
The ice beast closely misses you. The ice statue gestures at you.
The shard of ice hits you but does no damage.
The entropy weaver simulacrum hits you but does no damage.
The entropy weaver simulacrum hits you.
You die...

Skill      XL: |  1  2  3  4  5  6  7  8  9 10 11 12 |
---------------+-------------------------------------+-----
Spellcasting   | 3 4 6 7 |  7.0
Earth Magic    | 5 6 7 9 10 | 10.0
Transmutations | 6 10 | 10.0
Unarmed Combat | 2 3 |  3.4
Fighting       | 4 10 | 10.0
Dodging        | 4 9 |  9.1
Necromancy     | 1 |  1.7
Stealth        | |  2.6

Action                   |  1- 3 |  4- 6 |  7- 9 | 10-12 || total
-------------------------+-------+-------+-------+-------++-------
Melee: Short sword       |    39 |    10 |       |       ||    49
       Tentacles         |    11 |    12 |    50 |   103 ||   176
       Constrict         |     9 |    20 |    48 |    41 ||   118
       Unarmed           |     1 |       |    59 |   380 ||   440
       Punch             |     1 |       |     6 |    15 ||    22
       Dagger            |       |    74 |   130 |       ||   204
 Cast: Sandblast         |     7 |     5 |    44 |       ||    56
       Stone Arrow       |       |     3 |    21 |     1 ||    25
       Statue Form       |       |       |     8 |    42 ||    50
       Lee's Rapid Decon |       |       |       |     1 ||     1
Invok: Curse Item        |       |       |     1 |     2 ||     3
  Use: Scroll            |       |       |    12 |     4 ||    16
       Potion            |       |       |       |     1 ||     1
 Stab: Sleeping          |     8 |    12 |     7 |     4 ||    31
Armor: Skin              |     4 |    23 |    76 |   354 ||   457
Dodge: Dodged            |    22 |    51 |   150 |   344 ||   567
Block: Other             |       |     2 |    52 |   143 ||   197
       Reflection        |       |       |     1 |     3 ||     4

Levels and vault maps discovered:
D:1:      co_arrival_random_square_maze, layout_loops_ring, chequers_big_river
D:2:      layout_loops_cross, uniq_sigmund, uniq_jessica
D:3:      layout_basic, grunt_temple_overflow_open,
          ebering_ecumenical_altar_mist, chequers_serial_rivers_large_b,
          lexackson_kobold_supper
D:4:      layout_basic
D:5:      layout_rooms, mainiacjoe_overflow_alcove_1,
          nicolae_wu_jian_wuxing_cycle, serial_aquarium, aquarium_bridge_square
          [aquarium_subvault_window, aquarium_subvault_wall,
          aquarium_subvault_bridge, aquarium_subvault_wall],
          aquarium_window_fake, aquarium_window_corner, aquarium_view_2c,
          aquarium_view_2e, aquarium_pool_five, grunt_ministairs_9,
          minmay_shop_mass, minmay_misc_feat_room, kennysheep_generic_room_4,
          uniq_menkaure
D:6:      layout_loops_ring, chei_slow_surprise,
          minmay_temple_entry_enclosed_plants, ebering_ghost_sewer_d,
          chequers_avenue, lemuel_old_faithful, uniq_maggie
D:7:      layout_loops_corners, mainiacjoe_overflow_24_doors
D:8:      layout_loops_ring, gammafunk_temple_overflow_wave,
          lightli_ossuary_entry_decrepit_ruins, minivault_4, uniq_gastronok,
          uniq_maurice
D:9:      layout_basic, serial_shops, nicolae_shop_behind_doors,
          hellmonk_guarded_unrand_lears
D:10:     layout_rooms, lair_entry_dummy, kennysheep_generic_room_10
D:11:     layout_loops_ring
D:12:     dragon1_lemuel, layout_basic, orc_0_dummy, amethyst_killhole,
          small_statue_intersection, david_greed
Temple:   jpeg_temple_island
Lair:1:   minmay_guarded_unrand_snakebite, layout_concentric_octagons,
          portal_ice_cave_rime, infiniplex_staircase_pool_2, grunt_megastairs_5,
          uniq_erica
IceCv:    ice_cave_hellmonk_azure_passage

Notes
Turn   | Place    | Note
-------+----------+-------------------------------------------
     0 | D:1      | zeratav the Octopode Earth Elementalist began the quest for
                  | the Orb.
     0 | D:1      | Reached XP level 1. HP: 11/11 MP: 3/3
     0 | D:1      | magus.rc [v1.9.6]
   287 | D:1      | Reached XP level 2. HP: 10/17 MP: 1/5
   990 | D:1      | Reached XP level 3. HP: 21/21 MP: 6/6
  1408 | D:2      | Noticed Sigmund
  1416 | D:2      | Learned a level 3 spell: Stone Arrow
  1420 | D:2      | Killed Sigmund
  1421 | D:2      | Reached skill level 3 in Spellcasting
  1421 | D:2      | Reached skill level 5 in Earth Magic
  1421 | D:2      | Reached XP level 4. HP: 27/27 MP: 3/9
  1421 | D:2      | Reached XP level 5. HP: 31/31 MP: 3/10
  1542 | D:2      | Noticed Jessica
  1551 | D:2      | Killed Jessica
  1898 | D:2      | Reached XP level 6. HP: 36/36 MP: 11/11
  2042 | D:3      | Found a radiant altar of Vehumet.
  2070 | D:3      | Found a shimmering altar of Xom.
  2070 | D:3      | Found a stormy altar of Qazlal.
  2070 | D:3      | Found a glowing golden altar of the Shining One.
  2072 | D:3      | Found a basalt altar of Yredelemnul.
  2072 | D:3      | Found a hide-covered altar of Uskayaw.
  2081 | D:3      | Found a bloodstained altar of Trog.
  2093 | D:3      | Found a faded altar of an unknown god.
  3121 | D:4      | Reached skill level 6 in Earth Magic
  3496 | D:4      | You pick up a book of Power and begin reading...
  3496 | D:4      | You add the spells Iskenderun's Battlesphere, Iron Shot and
                  | Spellforged Servitor to your library.
  3736 | D:5      | Entered Level 5 of the Dungeon
  3762 | D:5      | Reached skill level 4 in Spellcasting
  3878 | D:5      | Reached XP level 7. HP: 41/41 MP: 10/13
  3967 | D:5      | Reached skill level 7 in Earth Magic
  4203 | D:5      | Noticed Menkaure
  4204 | D:5      | Found Vosuot's Mass Market.
  4233 | D:4      | HP: 10/41 [something (2)]
  4239 | D:4      | HP: 4/41 [something/magic dart (2)]
  4574 | D:5      | Reached XP level 8. HP: 35/46 MP: 5/15
  4614 | D:5      | Killed Menkaure
  4615 | D:5      | Reached skill level 5 in Spellcasting
  4615 | D:5      | Reached skill level 8 in Earth Magic
  4807 | D:5      | Found a blossoming altar of Fedhas.
  4837 | D:5      | Bought a +2 tower shield for 231 gold pieces
  4879 | D:5      | Found an ornate altar of the Wu Jian Council.
  5281 | D:6      | Noticed Maggie
  5288 | D:6      | Killed Maggie
  5289 | D:6      | Reached skill level 9 in Earth Magic
  5708 | D:6      | Found a snail-covered altar of Cheibriados.
  5819 | D:6      | Reached skill level 6 in Spellcasting
  5981 | D:6      | Found a staircase to the Ecumenical Temple.
  5988 | Temple   | Entered the Ecumenical Temple
  6272 | Temple   | Became a worshipper of Ashenzari the Shackled
  6342 | D:6      | Reached XP level 9. HP: 51/51 MP: 15/18
  6733 | D:6      | Found a runed translucent door.
  7007 | D:6      | Noticed siradein's ghost (novice HuBr)
  7159 | D:7      | Reached skill level 10 in Earth Magic
  7219 | D:7      | Identified the +2 hunting sling "Fout" {flame, *Corrode
                  | Str+3 Int+4 Stlth+}
  7361 | D:7      | Reached skill level 7 in Spellcasting
  7487 | D:7      | Reached skill level 2 in Transmutations
  7681 | D:7      | Reached skill level 3 in Transmutations
  7794 | D:7      | Found a glowing silver altar of Zin.
  7935 | D:7      | You pick up a book of the Earth and begin reading...
  7935 | D:7      | You add the spells Leda's Liquefaction, Lee's Rapid
                  | Deconstruction and Statue Form to your library.
  7942 | D:7      | Learned a level 5 spell: Lee's Rapid Deconstruction
  7949 | D:7      | Learned a level 6 spell: Statue Form
  7987 | D:7      | Reached skill level 4 in Transmutations
  8239 | D:7      | You pick up a book of Conjurations {@e2} and begin
                  | reading...
  8239 | D:7      | You add the spells Magic Dart, Searing Ray and Fulminant
                  | Prism to your library.
  8467 | D:8      | Reached skill level 5 in Transmutations
  8486 | D:8      | Found a sand-covered staircase.
  8587 | Ossuary  | Entered an ossuary
  8832 | Ossuary  | Reached skill level 1 in Unarmed Combat
  8867 | Ossuary  | magus.rc [v1.9.6]
  9050 | D:8      | Noticed Gastronok
  9092 | D:9      | Reached skill level 2 in Unarmed Combat
  9139 | D:9      | Identified the -2 chain mail "Buci" {+Inv rF- Dex+4}
  9197 | D:9      | Identified the +10 great sword "Guaxuruz" {venom, rF+}
  9241 | D:9      | Reached skill level 6 in Transmutations
  9241 | D:9      | Reached XP level 10. HP: 56/56 MP: 3/20
  9252 | D:9      | Reached skill level 7 in Transmutations
  9264 | D:9      | Reached skill level 8 in Transmutations
  9528 | D:9      | Identified the +0 spear of Forced Transition {freeze, rPois
                  | rF+ Stlth-}
  9532 | D:9      | Noticed a tengu warrior
  9542 | D:9      | Killed a tengu warrior
  9543 | D:9      | Reached skill level 9 in Transmutations
  9700 | D:9      | Found the +18 Lear's hauberk
  9744 | D:9      | Identified the +0 kite shield of Words of Power {rN+ Str-4
                  | Stlth+}
 10305 | D:9      | Found Iblussuwk's Book Shoppe.
 10449 | D:10     | Entered Level 10 of the Dungeon
 10529 | D:10     | Reached skill level 10 in Transmutations
 10603 | D:10     | Found a staircase to the Lair.
 10649 | D:10     | HP: 18/74 [something (6)]
 10650 | D:10     | Killed an unseen horror
 10651 | D:10     | Reached skill level 2 in Fighting
 10910 | D:10     | Reached skill level 3 in Fighting
 10955 | D:10     | Reached skill level 4 in Fighting
 11052 | D:10     | Reached XP level 11. HP: 70/70 MP: 16/21
 11118 | D:10     | You pick up a book of Iron and begin reading...
 11452 | D:11     | Reached skill level 5 in Fighting
 11461 | D:11     | Reached skill level 6 in Fighting
 11531 | D:11     | Reached skill level 7 in Fighting
 11577 | D:11     | Noticed a boulder beetle
 11586 | D:11     | HP: 23/97 [boulder beetle (21)]
 11592 | D:11     | HP: 24/97 [boulder beetle (3)]
 11593 | D:11     | Killed a boulder beetle
 11597 | D:11     | Reached skill level 8 in Fighting
 11598 | D:11     | HP: 18/100 [centaur (3)]
 12043 | D:11     | Reached skill level 9 in Fighting
 12171 | D:11     | Noticed a boulder beetle
 12193 | D:11     | Killed a boulder beetle
 12281 | D:11     | You pick up a book of Dreams and begin reading...
 12281 | D:11     | You add the spells Ensorcelled Hibernation, Spider Form and
                  | Anguish to your library.
 12448 | D:12     | Noticed a cyclops
 12457 | D:12     | Killed a cyclops
 12458 | D:12     | Reached skill level 10 in Fighting
 12506 | D:12     | Noticed a manticore
 12515 | D:12     | Killed a manticore
 12516 | D:12     | Reached skill level 3 in Dodging
 12561 | D:12     | Found a staircase to the Orcish Mines.
 12626 | D:12     | Noticed a manticore
 12657 | D:12     | Killed a manticore
 12658 | D:12     | Reached skill level 4 in Dodging
 12658 | D:12     | Reached XP level 12. HP: 77/87 MP: 17/22
 12865 | D:12     | Noticed a fire dragon
 12877 | D:12     | Killed a fire dragon
 12877 | D:12     | HP: 28/113 [electric eel/bolt of electricity (6)]
 12878 | D:12     | Reached skill level 5 in Dodging
 13277 | D:12     | Reached skill level 6 in Dodging
 13416 | D:12     | Reached * piety under Ashenzari
 13416 | D:12     | Identified a potion of experience
 13541 | D:12     | Reached skill level 7 in Dodging
 13680 | D:12     | HP: 28/113 [vampire mosquito (9)]
 14097 | D:12     | Reached skill level 8 in Dodging
 14107 | D:12     | Identified the +7 scimitar "Grim" {vorpal, rPois Int+5}
 14485 | Lair:1   | Entered Level 1 of the Lair of Beasts
 14593 | Lair:1   | You pick up a book of Alchemy and begin reading...
 14593 | Lair:1   | You add the spells Sublimation of Blood and Irradiate to
                  | your library.
 14596 | Lair:1   | Found a frozen archway.
 14649 | Lair:1   | Learned a level 5 spell: Irradiate
 14651 | IceCv    | Entered an ice cave
 14698 | IceCv    | Reached skill level 9 in Dodging
 14792 | IceCv    | Identified the +0 robe of Lauxoub {rPois rF- Dex-5
                  | Archmagi}
 14792 | IceCv    | Identified a +2 crystal plate armour of cold resistance
 15000 | IceCv    | Reached skill level 3 in Unarmed Combat
 15137 | IceCv    | Reached skill level 1 in Necromancy
 15142 | IceCv    | HP: 27/115 [demonic crawler simulacrum (6)]
 15575 | IceCv    | HP: 23/115 [entropy weaver simulacrum (10)]
 15576 | IceCv    | HP: 6/115 [entropy weaver simulacrum (12)]
 15576 | IceCv    | HP: 2/115 [ice statue/bolt of cold (4)]
 15576 | IceCv    | Slain by an entropy weaver simulacrum

Vanquished Creatures
  A fire dragon (D:12)
  2 boulder beetles (D:11)
  A tengu warrior (D:9)
  A deep elf pyromancer (D:12)
  2 manticores (D:12)
  2 cyclopes (D:12)
  An ice statue (IceCv)
  A cane toad (Lair:1)
  Maggie (D:6)
  2 unseen horrors
  3 kobold demonologists (D:11)
  2 rime drakes (Lair:1)
  2 entropy weaver simulacra (IceCv)
  4 trolls
  3 slime creatures (IceCv)
  Sigmund (D:2)
  A vampire (D:12)
  2 shadows
  4 wraiths
  23 yaks
  2 wyverns
  Menkaure (D:5)
  A steam dragon (D:7)
  11 vampire mosquitoes (D:12)
  4 demonic crawler simulacra (IceCv)
  An acid dragon (D:10)
  A water moccasin (Lair:1)
  2 orc warriors
  A black bear (D:7)
  An ugly thing simulacrum (IceCv)
  2 sky beasts (D:7)
  An ogre (D:5)
  6 centaurs
  5 kobold brigands (D:11)
  3 scorpions
  A bullfrog (D:9)
  A gnoll sergeant (D:9)
  2 necrophages (D:5)
  2 glowing shapeshifter simulacra (IceCv)
  3 wights (D:10)
  4 killer bees (D:8)
  5 electric eels
  3 howler monkeys
  2 gnoll shamans
  2 jellies
  7 orc priests
  3 hounds
  Jessica (D:2)
  5 iguanas
  12 orc wizards
  4 hell rats (Lair:1)
  4 mummies
  12 gnolls
  2 adders (D:5)
  2 ufetubi
  2 adder zombies (Ossuary)
  5 dart slugs
  29 orcs
  4 ball pythons
  5 endoplasms
  2 giant cockroaches (D:1)
  A gnoll zombie (Ossuary)
  A goblin (D:4)
  5 hobgoblins
  2 jackals (D:1)
  3 quokkas
  3 bats
  6 frilled lizards
  2 goblin zombies (Ossuary)
  2 hobgoblin zombies (Ossuary)
  12 kobolds
  3 kobold zombies (Ossuary)
  An orc zombie (Ossuary)
  5 quokka zombies (Ossuary)
  7 rats
  2 rat zombies (Ossuary)
280 creatures vanquished.

Vanquished Creatures (others)
  A demonic crawler simulacrum (IceCv)
  A glowing shapeshifter simulacrum (IceCv)
  5 fungi
  10 plants
17 creatures vanquished.

Grand Total: 297 creatures vanquished

Table legend:
 A = Non-vault XP
 B = Vault XP
 C = Vault XP percentage of total XP
 D = Non-vault monster count
 E = Vault monster count
 F = Vault count percentage of total count
                 A         B        C        D         E       F
            +---------+---------+-------+---------+---------+-------
      Total |   21568 |    6222 |  22.4 |     220 |      60 |  21.4
            +---------+---------+-------+---------+---------+-------
        D:1 |      38 |       0 |   0.0 |      20 |       0 |   0.0
        D:2 |      15 |     268 |  94.7 |       9 |       2 |  18.2
        D:3 |      68 |      12 |  15.0 |      17 |       8 |  32.0
        D:4 |      99 |      35 |  26.1 |       9 |       1 |  10.0
        D:5 |     589 |     463 |  44.0 |      17 |       5 |  22.7
        D:6 |     607 |     425 |  41.2 |      23 |       2 |   8.0
        D:7 |    1171 |       0 |   0.0 |      13 |       0 |   0.0
        D:8 |     301 |       0 |   0.0 |       5 |       0 |   0.0
        D:9 |    3084 |     811 |  20.8 |      23 |       1 |   4.2
       D:10 |    1556 |       0 |   0.0 |      16 |       0 |   0.0
       D:11 |    6847 |       0 |   0.0 |      30 |       0 |   0.0
       D:12 |    6617 |     894 |  11.9 |      36 |       1 |   2.7
     Lair:1 |     576 |     887 |  60.6 |       2 |       6 |  75.0
    Ossuary |       0 |      83 | 100.0 |       0 |      21 | 100.0
      IceCv |       0 |    2344 | 100.0 |       0 |      13 | 100.0
            +---------+---------+-------+---------+---------+-------

Illustrated notes

Table legend:
 A = Kills in this place as a percentage of kills in entire the game.
 B = Kills by you in this place as a percentage of kills by you in the entire game.
 C = Kills by friends in this place as a percentage of kills by friends in the entire game.
 D = Other kills in this place as a percentage of other kills in the entire game.
 E = Experience gained in this place as a percentage of experience gained in the entire game.
 F = Experience gained in this place divided by the number of levels of this place that you have seen.
                   A       B       C       D       E      F
               +-------+-------+-------+-------+-------+----------------------
         Total | 100.0 | 100.0 |   N/A |   N/A | 100.0 | 1736.9
       Dungeon |  85.0 |  85.0 |   N/A |   N/A |  86.0 | 1991.7
          Lair |   2.9 |   2.9 |   N/A |   N/A |   5.3 | 1463.0
       Ossuary |   7.5 |   7.5 |   N/A |   N/A |   0.3 |  83.0
      Ice Cave |   4.6 |   4.6 |   N/A |   N/A |   8.4 | 2344.0
               +-------+-------+-------+-------+-------+----------------------

Table legend: (Time is in decaauts)
 A = Elapsed time spent in this place.
 B = Non-inter-level travel time spent in this place.
 C = Inter-level travel time spent in this place.
 D = Time resting spent in this place.
 E = Time spent auto-exploring this place.
 F = Levels seen in this place.
 G = Mean time per level.
                   A        B        C        D        E       F      G
               +--------+--------+--------+--------+--------+-----+--------+
         Total |  16694 |  16246 |    448 |   3009 |  10697 |  16 | 1043.4 |
       Dungeon |  14565 |  14164 |    401 |   2259 |   9829 |  12 | 1213.8 |
        Temple |    302 |    255 |     47 |      0 |    250 |   1 |  302.0 |
          Lair |    212 |    212 |      0 |    100 |      0 |   1 |  212.0 |
       Ossuary |    496 |    496 |      0 |    222 |    145 |   1 |  496.0 |
      Ice Cave |   1117 |   1117 |      0 |    427 |    472 |   1 | 1117.0 |
               +--------+--------+--------+--------+--------+-----+--------+

Top non-repeatable levels by time:
    D:12: 2296 daAuts
     D:6: 1517 daAuts
     D:9: 1496 daAuts
     D:7: 1315 daAuts
    D:11: 1280 daAuts
     D:4: 1266 daAuts
     D:1: 1143 daAuts
   IceCv: 1117 daAuts
    D:10: 1116 daAuts
     D:5: 1090 daAuts
     D:2: 890 daAuts
     D:3: 884 daAuts
 Ossuary: 496 daAuts
  Temple: 302 daAuts
     D:8: 269 daAuts
